 Dungeon Crawl Stone Soup version 0.28.0-53-g5a82cb258f (webtiles) character file.

Game seed: 8832304677108218364

65 Peloso the Covered (level 3, -7/34 HPs)
             Began as a Minotaur Fighter on July 1, 2022.
             Was an Initiate of Okawaru.
             Mangled by an ogre
             ... wielding a +0 giant club
              (13 damage)
             ... on level 3 of the Dungeon.
             The game lasted 00:02:19 (1651 turns).

Peloso the Covered (Minotaur Fighter)               Turns: 1651, Time: 00:02:19

Health: -7/34      AC:  7    Str: 20    XL:     3   Next: 94%
Magic:  2/2        EV:  9    Int:  5    God:    Okawaru [......]
Gold:   142        SH:  4    Dex: 11    Spells: 2/2 levels left

rFire   . . .      SeeInvis .   a - +0 long sword
rCold   . . .      Faith    .   c - +0 buckler
rNeg    . . .      Spirit   .   b - +0 scale mail
rPois   .          Reflect  .   (helmet restricted)
rElec   .          Harm     .   (no cloak)
rCorr   .          Rampage  .   (no gloves)
Will    .....                   (no boots)
Stlth   ..........              (no amulet)
HPRegen 0.11/turn               (no ring)
MPRegen 0.08/turn               (no ring)

@: no status effects
A: horns 2, retaliatory headbutt
a: Renounce Religion


You were on level 3 of the Dungeon.
You worshipped Okawaru.
Okawaru was noncommittal.
You visited 1 branch of the dungeon, and saw 3 of its levels.

You collected 142 gold pieces.

Inventory:

Hand Weapons
 a - a +0 long sword (weapon)
Armour
 b - a +0 scale mail (worn)
 c - a +0 buckler (worn)
Scrolls
 f - 2 scrolls of teleportation {unknown}
 h - 2 scrolls of enchant weapon {unknown}
 i - a scroll of holy word {unknown}
 j - a scroll of summoning {unknown}
 l - a scroll of vulnerability {unknown}
 m - a scroll of blinking {unknown}
Potions
 d - a potion of might
 e - 2 potions of heal wounds {unknown}
 g - 2 potions of degeneration {unknown}
 k - a potion of magic {unknown}
 n - 2 potions of haste {unknown}


   Skills:
 + Level 4.3 Fighting
 + Level 3.4 Long Blades
 + Level 4.3 Armour
 + Level 0.1 Dodging
 + Level 4.1 Shields


You had 2 spell levels left.
You didn't know any spells.
Your spell library was empty.

Dungeon Overview and Level Annotations

Branches:
Dungeon (3/15)

Altars:
Okawaru
Sif Muna


Innate Abilities, Weirdness & Mutations

You have a pair of horns on your head.
You reflexively headbutt those who attack you in melee.


Message History

You hit the hobgoblin.
You kill the hobgoblin!
Okawaru accepts your kill.
You now have 132 gold pieces (gained 12).
You see here a hobgoblin corpse.
Things that are here:
a jackal corpse; a jackal corpse You now have 142 gold pieces (gained 10).
There is a stone staircase leading down here.
Found a stone staircase leading down.
There is a stone staircase leading down here.
An ogre comes into view. It is wielding a +0 giant club.
The ogre shouts!
You hear an angry hiss.
The ogre moves out of view.
An ogre is nearby!
An ogre is nearby!
A ball python comes into view.
The ball python hisses angrily.
You barely miss the ogre. The ogre completely misses you.
You hit the ogre. You headbutt the ogre.
The ogre is lightly wounded.
The ogre hits you with a +0 giant club!
You slash the ogre! Your headbutt misses the ogre.
The ogre is heavily wounded.
The ogre closely misses you.
You hit the ogre but do no damage.
The ogre is heavily wounded.
The ogre barely misses you.
You slash the ogre!
The ogre is almost dead.
The ogre hits you with a +0 giant club!!
Ouch! That really hurt!
* * * LOW HITPOINT WARNING * * *
You barely miss the ogre. Your headbutt misses the ogre.
The ogre is almost dead.
The ogre barely misses you.
You hit the ogre.
The ogre is almost dead.
The ogre hits you with a +0 giant club!
You die...

.......## ........##
.........# ##
.........# ..
.........###. #
.........#.. ..#
.........#.# #...#
........##.#
####.....#
...........####.@OS#
..........>.....####
........^########
.........#
..........
.........##
........###
...........
...........


You could see an ogre and a ball python.

Vanquished Creatures
  An adder (D:2)
  2 dart slugs (D:1)
  2 worms (D:2)
  5 endoplasms
  A giant cockroach (D:2)
  5 goblins
  3 hobgoblins
  5 jackals
  4 kobolds
  2 quokkas (D:1)
  2 ball pythons
  3 bats
  4 frilled lizards
  4 rats
43 creatures vanquished.

Notes
Turn   | Place    | Note
-------+----------+-------------------------------------------
     0 | D:1      | Peloso the Minotaur Fighter began the quest for the Orb.
     0 | D:1      | Reached XP level 1. HP: 19/19 MP: 0/0
    88 | D:1      | Reached XP level 2. HP: 27/27 MP: 1/1
   753 | D:1      | Reached XP level 3. HP: 33/33 MP: 2/2
   772 | D:1      | Found a faded altar of an unknown god.
  1505 | D:3      | Found a shimmering blue altar of Sif Muna.
  1550 | D:3      | Found an iron altar of Okawaru.
  1558 | D:3      | Became a worshipper of Warmaster Okawaru
  1641 | D:3      | Noticed an ogre
  1651 | D:3      | Mangled by an ogre

Illustrated notes

Levels and vault maps discovered:
D:1:      grunt_arrival_lava_bath, layout_basic,
          dilly_ecumenical_altar_fadedgnrine
D:2:      layout_rooms, serial_glass, glass_columns_a, glass_columns_a,
          glass_columns_c, glass_columns_a, glass_columns_b, glass_columns_a,
          glass_columns_c, glass_columns_c, feat_on_display, feat_on_display
D:3:      layout_rooms, nicolae_sif_muna_condensation, lemuel_crystal_altar

Skill      XL: |  1  2  3 |
---------------+----------+-----
Fighting       | 4 |  4.3
Armour         | 4 |  4.3
Shields        | 4 |  4.1
Long Blades    | 3 |  3.4
Dodging        | |  0.1

Action                   || total
-------------------------++-------
Melee: Long sword        ||    88
       Headbutt          ||    13
Armor: Scale mail        ||    34
Dodge: Dodged            ||    32
Block: Buckler           ||    12
